 Dungeon Crawl Stone Soup version 0.15-a0-1363-g87d8b17 (webtiles) character file.

452 PolkaDot the Vexing (level 6, 0/41 HPs)
             Began as a Vampire Enchanter on June 9, 2014.
             Was a Believer of Makhleb.
             Killed by divine providence
             ... invoked by an orc priest
              (11 damage)
             ... on Level 5 of the Dungeon.
             The game lasted 00:14:24 (3888 turns).

PolkaDot the Vexing (Vampire Enchanter)             Turns: 3888, Time: 00:14:25

HP   0/41        AC  6     Str  7      XL: 6   Next: 75%
MP   2/11        EV 13     Int 17      God: Makhleb [**....]
Gold 219         SH  0     Dex 16      Spells:  4 memorised,  1 level left

rFire  . . .     SeeInvis +     u - +0 dagger (vamp)
rCold  + + .     Clarity  .     b - +2 robe
rNeg   + + +     rCorr    .     (no shield)
rPois  +         rRot     +     y - +1 helmet
rElec  .         Spirit   .     (no cloak)
SustAb .         Warding  .     (no gloves)
rMut   .         Stasis   .     (no boots)
Gourm  .                        (no amulet)
MR     .....                    (no ring)
                                (no ring)

@: bloodless, non-regenerating, not resistant to hostile enchantments, stealthy
A: bottle blood, fangs 3, see invisible, unbreathing
a: Bat Form, Bottle Blood, Minor Destruction, Renounce Religion


You were on level 5 of the Dungeon.
You worshipped Makhleb.
Makhleb was pleased with you.
You were bloodless.

You visited 1 branch of the dungeon, and saw 5 of its levels.

You collected 219 gold pieces.

Inventory:

Hand weapons
 u - a +0,+0 vampiric dagger (weapon)
Missiles
 s - a throwing net (quivered)
Armour
 b - a +2 robe (worn)
 m - a +1 leather armour of positive energy
 y - a +1 helmet (worn)
Magical devices
 r - a wand of teleportation (5) {unknown}
 w - a wand of digging (16) {unknown}
Scrolls
 a - a scroll of fog {unknown}
 d - a scroll of enchant weapon II {unknown}
 e - a scroll of teleportation
 f - a scroll of fear
 g - 2 scrolls of identify {unknown}
 n - a scroll of remove curse
 t - a scroll of blinking {unknown}
Potions
 h - a potion of brilliance {unknown}
 i - 3 potions of might {unknown}
 j - a potion of cure mutation {unknown}
 k - a potion of resistance {unknown}
 o - a potion of heal wounds {unknown}
 p - a potion of agility {unknown}
 q - a potion of poison {!q}
 v - a potion of magic {unknown}
 x - a potion of restore abilities {unknown}
Books
 c - a book of Maledictions

   Spells                             Type                      Level
   *Corona                            Hexes                        1
   Sure Blade                         Hexes/Charms                 2
   *Ensorcelled Hibernation           Hexes/Ice                    2
   *Confuse                           Hexes                        3
   *Dazzling Spray                    Conjuration/Hexes            3
   Enslavement                        Hexes                        4


   Skills:
 - Level 3.1 Short Blades
 - Level 2.1 Dodging
 + Level 7.0 Stealth
 + Level 2.8 Spellcasting
 * Level 7.9 Hexes
 - Level 1.6 Ice Magic


You had one spell level left.
You knew the following spells:

 Your Spells              Type           Power        Failure   Level  Hunger
a - Corona                Hex            ####...      1%          1    #......
c - Confuse               Hex            ####....     1%          3    ###....
d - Ensorcelled Hibernat  Hex/Ice        ###...       4%          2    ##.....
s - Dazzling Spray        Conj/Hex       ###.....     12%         3    ###....


Dungeon Overview and Level Annotations

Branches:
Dungeon (5/15)
 Temple: D:4-7

Altars:
Ashenzari
Cheibriados
Dithmenos
Fedhas
Gozag
Makhleb
Trog

Shops:
D:4 :


Innate Abilities, Weirdness & Mutations

You do not heal naturally.
You can bottle blood from corpses.
You have razor-sharp teeth.*
You have supernaturally acute eyesight.
You can survive without breathing.*


Message History

The orc priest shouts!
The orc priest prays to Beogh.
You feel a wave of unholy energy pass over you.
The orc hits you with a flail.
Casting: Ensorcelled Hibernation
Confirm with . or Enter, or press ? or * to list all spells.
Aiming: Ensorcelled Hibernation
Press: ? - help, Shift-Dir - straight line, f - orc
Aim: an orc, wielding a flail and wearing a leather armour The orc resists with significant effort.
* * * LOW MAGIC WARNING * * *
You closely miss the orc. The orc closely misses you.
The orc priest invokes the aid of Beogh against you.
Something smites you!
* * * LOW HITPOINT WARNING * * *
Drink which item? (? for menu, Esc to quit)
You feel slightly nauseous.
It was a potion of poison.
The orc priest calls down the wrath of Beogh upon you.
Something smites you!
You die...

.. ######### ###### #.
#.......# #....#
#.####.#####.# #....#
.......# #.# #....#
...##..# #.# #....#
.......#####.###....#
................@o..#
......%......###o.oo#
....#.#####(.# #....o...
....#........≈≈≈♣.#.....
....#######.P≈P≈ .#.....
...[....# #..≈P≈ .# ...
#.#####.#####... .# .
.......... ... ..
#.....(..# . #


You could see 2 orc priests and 3 orcs.

Vanquished Creatures
  A sky beast (D:5)
  An orc priest (D:5)
  2 orc wizards (D:5)
  A worker ant (D:4)
  Ijyb (D:3)
  Jessica (D:3)
  An ogre skeleton (D:4)
  6 adders
  3 gnolls (D:4)
  A giant mite (D:5)
  4 worms
  2 giant geckos (D:2)
  An ooze (D:2)
  5 orcs
  5 bats
  11 hobgoblins
  A quokka (D:2)
  A ball python (D:3)
  8 giant cockroaches
  A giant newt (D:1)
  17 goblins
  7 jackals
  6 kobolds
  9 rats
96 creatures vanquished.

Notes
Turn   | Place    | Note
--------------------------------------------------------------
     0 | D:1      | PolkaDot, the Vampire Enchanter, began the quest for the Orb.
     0 | D:1      | Reached XP level 1. HP: 13/13 MP: 3/3
   293 | D:1      | Reached XP level 2. HP: 14/19 MP: 4/4
   460 | D:1      | Learned a level 2 spell: Ensorcelled Hibernation
  1097 | D:2      | Reached XP level 3. HP: 21/24 MP: 6/6
  1184 | D:2      | Found a bloodstained altar of Trog.
  1226 | D:2      | Reached skill level 1 in Ice Magic
  1236 | D:2      | Reached skill level 5 in Hexes
  1594 | D:2      | Reached XP level 4. HP: 23/30 MP: 0/7
  1883 | D:2      | Reached skill level 5 in Stealth
  2050 | D:3      | Noticed Ijyb
  2052 | D:3      | Noticed Jessica
  2071 | D:3      | Killed Jessica
  2072 | D:3      | Killed Ijyb
  2072 | D:3      | Reached skill level 6 in Hexes
  2072 | D:3      | Reached XP level 5. HP: 19/35 MP: 9/9
  2082 | D:3      | Learned a level 3 spell: Confuse
  2084 | D:3      | Found a burning altar of Makhleb.
  2193 | D:3      | Became a worshipper of Makhleb the Destroyer
  2512 | D:3      | Found a shadowy altar of Dithmenos.
  2540 | D:3      | Found an opulent altar of Gozag.
  2753 | D:4      | Found Nuduh's Book Emporium.
  2904 | D:4      | Found a shattered altar of Ashenzari.
  2994 | D:4      | Acquired Makhleb's first power
  3311 | D:4      | Found a blossoming altar of Fedhas.
  3553 | D:4      | Found a snail-covered altar of Cheibriados.
  3701 | D:4      | Reached XP level 6. HP: 41/41 MP: 3/11
  3747 | D:4      | Learned a level 3 spell: Dazzling Spray
  3779 | D:5      | Entered Level 5 of the Dungeon
  3783 | D:5      | Reached skill level 7 in Hexes
  3850 | D:5      | Acquired Makhleb's second power
  3888 | D:5      | Killed from afar by an orc priest

Action                   |  1- 3 |  4- 6 || total
-------------------------+-------+-------++-------
Melee: Dagger            |    97 |   142 ||   239
 Cast: Corona            |     2 |     1 ||     3
       Ensorcelled Hiber |    10 |    36 ||    46
       Confuse           |       |     2 ||     2
  Use: Scroll            |       |     5 ||     5
       Potion            |       |     3 ||     3
 Stab: Sleeping          |    15 |    33 ||    48
       Confused          |       |     2 ||     2
